 Dungeon Crawl Stone Soup version 0.17.1-2-g5865329 (webtiles) character file.

56 kaze the Ruffian (level 3, -6/36 HPs)
             Began as a Troll Berserker on Feb 10, 2016.
             Was a Believer of Trog.
             Mangled by an orc priest
             ... wielding a +0 flail
              (13 damage)
             ... on level 3 of the Dungeon.
             The game lasted 00:07:01 (1260 turns).

kaze the Ruffian (Troll Berserker)                  Turns: 1260, Time: 00:07:02

Health: -6/36      AC:  5    Str: 26    XL:     3   Next: 69%
Magic:  2/2        EV:  7    Int:  3    God:    Trog [**....]
Gold:   59         SH:  0    Dex:  9    Spells: 0 memorised, 2 levels left

rFire  . . .     SeeInvis .     h - +0 mace
rCold  . . .     Clarity  .     a - +0 animal skin
rNeg   . . .     SustAt   .     m - +0 shield
rPois  .         Gourm    +     (helmet restricted)
rElec  .         Spirit   .     (no cloak)
rCorr  .         Warding  .     (gloves unavailable)
rMut   .         Stasis   .     (boots unavailable)
MR     .....                    (no amulet)
Stlth  +.........               (no ring)
                                (no ring)

@: confused, exhausted, slowed, very slow, not resistant to hostile
enchantments, very unstealthy
A: unfitting armour, claws 3, fast metabolism 3, gourmand, regeneration 2,
shaggy fur 1, tough skin 2
a: Berserk, Trog's Hand, Burn Spellbooks, Renounce Religion


You were on level 3 of the Dungeon.
You worshipped Trog.
Trog was pleased with you.
You were near starving.

You visited 1 branch of the dungeon, and saw 3 of its levels.

You collected 59 gold pieces.

Inventory:

Hand Weapons
 h - a +0 mace (weapon)
Armour
 a - a +0 animal skin (worn)
 m - a +0 shield (worn)
Scrolls
 e - 5 scrolls of remove curse {unknown}
 f - a scroll of magic mapping {unknown}
 k - a scroll of identify {unknown}
 o - a scroll of teleportation {unknown}
Potions
 c - a potion of invisibility {unknown}
 d - a potion of degeneration {unknown}
 j - a potion of cancellation {unknown}
 l - 2 potions of lignification {unknown}
 n - 2 potions of haste {unknown}
Comestibles
 b - 2 bread rations
 g - a meat ration
 i - a beef jerky
 p - a chunk of flesh


   Skills:
 + Level 2.6 Fighting
 + Level 0.3 Maces & Flails
 + Level 3.3 Dodging
 + Level 3.5 Unarmed Combat


You had 2 spell levels left.
You didn't know any spells.

Dungeon Overview and Level Annotations

Branches:
Dungeon (3/15)

Altars:
Ru


Innate Abilities, Weirdness & Mutations

You are too large for most types of armour.
You have claws for hands.
Your metabolism is lightning-fast.
You like to eat raw meat.
You heal very quickly.
You are covered in fur (AC +1).
You have very tough skin (AC +2).


Message History

You thump the orc priest!
The orc priest is heavily wounded.
You block the orc priest's attack.
You hear some strange, mumbled words.
You are confused.
The orc hits you with a club. Something hits you.
The orc priest barely misses you.
You completely miss something. The orc hits you with a club.
Something hits you but does no damage.
The orc priest casts a cantrip, but nothing happens.
The orc barely misses you.
You hear some strange, mumbled words.
A magic dart appears from out of thin air!
The magic dart hits you! The orc priest hits you with a flail.
You miss the orc. The orc barely misses you. Something hits you.
The orc priest hits you with a flail.
* * * LOW HITPOINT WARNING * * *
Something hits you but does no damage. The orc hits you but does no damage.
The orc priest hits you with a flail!
You die...

.......... #...#
#......... #...#
###......... #...#
#........... #
...#####.#.........
#.####.....#.#.#'####..
.(.#.....#.#....(....
####.##.#o....#.#.#.######
....>..ro@....'...........
#######.#.....#.#.#.#####.
#.#.....#.#....# #.
#l#.....#.#....# #.
#.#######[#....# ## #.#
#.#.#+## #.# #.#.# #.#
#.#.# #.#.#


You could see an orc priest, an orc and a quokka.

Vanquished Creatures
  An adder (D:2)
  A worm (D:2)
  2 giant geckos
  An orc (D:3)
  3 bats
  2 giant cockroaches
  7 goblins
  7 hobgoblins
  2 kobolds (D:2)
  A ball python (D:1)
  5 giant newts
  7 rats
39 creatures vanquished.

Notes
Turn   | Place    | Note
--------------------------------------------------------------
     0 | D:1      | kaze the Troll Berserker began the quest for the Orb.
     0 | D:1      | Reached XP level 1. HP: 22/22 MP: 0/0
   152 | D:1      | Reached XP level 2. HP: 25/29 MP: 1/1
   439 | D:2      | Reached ** piety under Trog
   580 | D:2      | Reached XP level 3. HP: 28/36 MP: 2/2
   972 | D:2      | Found a sacrificial altar of Ru.
  1260 | D:3      | Mangled by an orc priest

Action                   || total
-------------------------++-------
Melee: Unarmed           ||    30
       Mace              ||    88
Invok: Berserk           ||     1
  Eat: Chunk             ||     8
